 Dungeon Crawl Stone Soup version 0.29.0 (webtiles) character file.

Game seed: 10978195467418387813

2231 malesh the Zephyrmancer (level 9, -6/48 HPs)
             Began as a Tengu Air Elementalist on Sept 1, 2022.
             Was a Believer of Vehumet.
             Mangled by a red devil
             ... wielding a +0 trident
             ... summoned by a kobold demonologist
              (25 damage)
             ... on level 6 of the Dungeon.
             The game lasted 00:31:29 (9298 turns).

malesh the Zephyrmancer (Tengu Air Elementalist)    Turns: 9298, Time: 00:31:30

Health: -6/48      AC:  5    Str: 18    XL:     9   Next: 36%
Magic:  14/18      EV: 16    Int: 17    God:    Vehumet [**....]
Gold:   409        SH:  0    Dex: 16    Spells: 4/19 levels left

rFire   . . .      SeeInvis +   x - +2 spear (venom)
rCold   . . .      Faith    .   (no shield)
rNeg    . . .      Spirit   .   D - +1 robe of the Moon {rCorr Str+2 SInv}
rPois   .          Reflect  .   w - +0 hat
rElec   .          Harm     .   B - +0 cloak
rCorr   +          Rampage  .   A - +0 pair of gloves
Will    .....                   (boots unavailable)
Stlth   +++.......              (no amulet)
HPRegen 0.16/turn               c - +6 ring of strength
MPRegen 0.16/turn               (no ring)

@: lethally poisoned (-6 -> -9), about to teleport, spiked, flying quickly and
evasively, quick
A: beak, talons 3, nimble flight
a: Renounce Religion


You were on level 6 of the Dungeon.
You worshipped Vehumet.
Vehumet was pleased with you.
You visited 2 branches of the dungeon, and saw 7 of its levels.

You collected 409 gold pieces.

Inventory:

Hand Weapons
 x - a +2 spear of venom (weapon)
 y - a +1 broad axe of flaming
Armour
 a - +0 steam dragon scales
 n - a scarf of repulsion
 w - a +0 hat (worn)
 z - +0 acid dragon scales
 A - a +0 pair of gloves (worn)
 B - a +0 cloak (worn)
 D - the +1 robe of the Moon (worn) {rCorr Str+2 SInv}
   (You took it off an orc wizard on level 6 of the Dungeon)

   Str:       It affects your strength (+2).
   SInv:      It lets you see invisible.
   rCorr:     It protects you from acid and corrosion.
Jewellery
 c - a +6 ring of strength (left hand)
Wands
 j - a wand of flame (21)
 v - a wand of quicksilver (4)
Scrolls
 f - a scroll of blinking
 g - a scroll of poison
 h - 2 scrolls of magic mapping
 k - a scroll of noise {unknown}
 l - 2 scrolls of amnesia {unknown}
 m - 3 scrolls of enchant armour {unknown}
 s - a scroll of torment {unknown}
 t - a scroll of immolation {unknown}
Potions
 b - 2 potions of magic
 d - a potion of heal wounds {unknown}
 e - a potion of invisibility {unknown}
 o - a potion of resistance {unknown}
 p - 4 potions of brilliance {unknown}
 q - 2 potions of attraction {unknown}
 r - a potion of berserk rage {unknown}
 u - 2 potions of haste
 C - a potion of mutation {unknown}


   Skills:
 + Level 1.6 Fighting
 + Level 2.1 Polearms
 + Level 4.6 Dodging
 + Level 4.7 Stealth
 + Level 5.9 Spellcasting
 + Level 6.7 Conjurations
 + Level 9.5 Air Magic


You had 4 spell levels left.
You knew the following spells:

 Your Spells              Type           Power      Damage    Failure   Level
a - Shock                 Conj/Air       100%       1d9       1%          1
b - Static Discharge      Conj/Air       32%        3-7/arc   1%          2
c - Swiftness             Air            37%        N/A       1%          3
d - Airstrike             Air            18%        2d(3-19)  2%          4
e - Mephitic Cloud        Conj/Pois/Air  23%        N/A       4%          3
f - Call Imp              Summ           5%         N/A       21%         2

Your spell library contained the following spells:

 Spells                   Type           Power      Damage    Failure   Level
 Freeze                   Ice            20%        1d4       13%         1
 Magic Dart               Conj           100%       1d8       1%          1
 Dazzling Flash           Conj/Hex       32%        N/A       10%         3
 Scorch                   Fire           10%        2d6       21%         2
 Sublimation of Blood     Necr           5%         N/A       21%         2
 Wereblood                Tmut           5%         N/A       21%         2
 Flame Wave               Conj/Fire      16%        2d7       32%         4
 Iskenderun's Mystic Bla  Conj/Tloc      16%        2d5       32%         4
 Starburst                Conj/Fire      8%         6d4       99%         6
 Summon Cactus Giant      Summ           2%         N/A       100%        6
 Summon Hydra             Summ           2%         N/A       100%        7


Dungeon Overview and Level Annotations

Branches:
Dungeon (6/15)             Temple (1/1) D:4

Altars:
Ashenzari
Elyvilon
Fedhas
Gozag
Hepliaklqana
Kikubaaqudgha
Makhleb
Okawaru
Qazlal
Ru
Sif Muna
Trog
Uskayaw
Vehumet
Wu Jian
Xom
Yredelemnul
Zin
The Shining One


Innate Abilities, Weirdness & Mutations

You have a beak for a mouth.
You have claws for feet.
Your magical nature lets you fly swiftly and evasively.


Message History

Confirm with . or Enter, or press ? or * to list all spells.
Aiming: Shock (safe; 1% risk of failure)
Press: ? - help, Shift-Dir - straight line The zap hits the kobold brigand!
The kobold brigand is heavily wounded.
The zap misses the red devil.
You feel sick.
The kobold brigand hits you with a +0 whip.
Unknown command.
Casting: Shock (safe; 1% risk of failure)
Confirm with . or Enter, or press ? or * to list all spells.
Aiming: Shock (safe; 1% risk of failure)
Press: ? - help, Shift-Dir - straight line The zap hits the kobold brigand.
The kobold brigand is severely wounded.
The zap hits the red devil.
The red devil is moderately wounded.
You feel sick.
The red devil hits you from afar with a +0 trident!
Barbed spikes become lodged in your body.
The kobold brigand barely misses you.
Casting: Shock (safe; 1% risk of failure)
Confirm with . or Enter, or press ? or * to list all spells.
The kobold brigand is struck by an arc of lightning!
The kobold brigand is almost dead.
The red devil is struck by an arc of lightning.
The red devil is moderately wounded.
The kobold brigand is struck by an arc of lightning.
You kill the kobold brigand!
Vehumet accepts your kill.
You feel your power returning.
The red devil is struck by an arc of lightning.
The red devil is heavily wounded.
The lightning grounds out.
You feel sick. The red devil closely misses you.
Unknown command.
Unknown command.
As you read the scroll of teleportation, it crumbles to dust.
You feel strangely unstable.
You feel sick.
The red devil hits you from afar with a +0 trident!!
Ouch! That really hurt!
You die...

#### ************* ##.....#
#..###,,,#,,#,,*,* ##.....##
...#.###,..##.##,* ##....###
#.#..#.###Kh..#.,##**###....##
#'#.#..#.###4...##..##.....##
#.###.#..#.###.K.#.........#
#...###.#..#.###4#........##
###...###.#).#.#)#........#
#.###...###.....@#.......## ###
#...##..##.#))#.##........#####..
###....##)#))#.###.........##....
#.##).##.#.)#.##.#.............##
#....##.#..#.##..#............##
##..##.#..#.##..##............##
#..##.#..#.##....#.............#
#.##.#..#.##..##:#.............#
###.#..#.##....###.............#


You could see a kobold demonologist and a red devil (summoned).

Vanquished Creatures
  Maggie (D:6)
  A steam dragon (D:6)
  A water moccasin (D:5)
  2 ice beasts
  Pargi (D:3)
  3 phantoms
  2 kobold brigands (D:6)
  A bullfrog (D:6)
  4 scorpions (D:6)
  2 necrophages (D:6)
  A killer bee (D:6)
  A howler monkey (D:6)
  A hound (D:6)
  An orc priest (D:6)
  A gnoll bouda (D:6)
  6 iguanas
  3 orc wizards
  7 gnolls
  12 adders
  4 white imps
  A worm (D:4)
  A dart slug (D:2)
  12 orcs
  10 ball pythons
  4 endoplasms
  2 giant cockroaches
  10 goblins
  4 hobgoblins
  4 quokkas
  2 bats
  4 frilled lizards
  12 kobolds
  6 rats
127 creatures vanquished.

Notes
Turn   | Place    | Note
-------+----------+-------------------------------------------
     0 | D:1      | malesh the Tengu Air Elementalist began the quest for the
                  | Orb.
     0 | D:1      | Reached XP level 1. HP: 10/10 MP: 4/4
   299 | D:1      | Reached XP level 2. HP: 15/15 MP: 4/6
   302 | D:1      | Learned a level 2 spell: Static Discharge
   569 | D:1      | Found a faded altar of an unknown god.
  1032 | D:2      | Reached XP level 3. HP: 17/19 MP: 0/7
  1036 | D:2      | Learned a level 3 spell: Swiftness
  1133 | D:2      | You fall into a shaft and drop 2 floors!
  1312 | D:4      | Noticed a phantom
  1584 | D:4      | Found a bloodstained altar of Trog.
  1586 | D:4      | Found an ornate altar of the Wu Jian Council.
  1612 | D:4      | Found a staircase to the Ecumenical Temple.
  1618 | Temple   | Entered the Ecumenical Temple
  1776 | Temple   | Became a worshipper of Vehumet
  1945 | D:4      | Reached skill level 5 in Air Magic
  1945 | D:4      | Reached XP level 4. HP: 3/24 MP: 2/9
  2998 | D:2      | Identified the +4 hand axe of the Desolation of Salt
                  | {vorpal, MP+9 Dex+4}
  3150 | D:2      | Gained mutation: Your magical nature lets you fly swiftly
                  | and evasively. [Tengu growth]
  3150 | D:2      | Reached XP level 5. HP: 28/28 MP: 8/10
  3397 | D:3      | Identified the +3 spear of Ravage {antimagic, Contam rElec
                  | rPois Will++}
  3441 | D:3      | Noticed Pargi
  3461 | D:3      | Killed Pargi
  3462 | D:3      | Reached skill level 6 in Air Magic
  3731 | D:3      | Learned a level 4 spell: Airstrike
  3766 | D:3      | Reached XP level 6. HP: 19/33 MP: 4/11
  3960 | D:3      | Reached * piety under Vehumet
  3960 | D:3      | Offered knowledge of Foxfire by Vehumet.
  5330 | D:5      | Entered Level 5 of the Dungeon
  5478 | D:5      | Reached XP level 7. HP: 20/37 MP: 5/13
  5688 | D:5      | Reached skill level 7 in Air Magic
  6007 | D:5      | Learned a level 3 spell: Mephitic Cloud
  6567 | D:5      | Reached skill level 8 in Air Magic
  6567 | D:5      | Reached XP level 8. HP: 42/42 MP: 14/16
  6902 | D:6      | Reached skill level 5 in Conjurations
  7765 | D:6      | Reached skill level 5 in Spellcasting
  7767 | D:6      | Noticed Maggie
  7783 | D:6      | Killed Maggie
  7784 | D:6      | Reached skill level 1 in Fighting
  7784 | D:6      | Reached skill level 1 in Polearms
  8192 | D:6      | Reached skill level 9 in Air Magic
  8196 | D:6      | Learned a level 2 spell: Call Imp
  8317 | D:6      | Offered knowledge of Freeze by Vehumet.
  8449 | D:6      | Reached XP level 9. HP: 46/47 MP: 15/18
  8560 | D:6      | Identified the +1 robe of the Moon {rCorr Str+2 SInv}
  8567 | D:6      | Reached ** piety under Vehumet
  9289 | D:6      | Noticed a kobold demonologist
  9291 | D:6      | Noticed a red devil
  9298 | D:6      | Mangled by a red devil

Illustrated notes

Levels and vault maps discovered:
D:1:      lightli_arrival_statuegarden, layout_basic,
          ebering_ecumenical_altar_mist, amcnicky_mini_corridor_feature
D:2:      minmay_recursive_quarters, layout_loops_ring
D:3:      layout_basic, minmay_crystal_room, uniq_pargi
D:4:      layout_loops_corners, grunt_temple_overflow_open,
          minmay_temple_entry_hall
D:5:      layout_cave_pods
D:6:      minmay_razor_zed, layout_layer_cave, uniq_maggie
Temple:   minmay_temple_bridge_d

Skill      XL: |  1  2  3  4  5  6  7  8  9 |
---------------+----------------------------+-----
Conjurations   | 2 4 6 |  6.7
Air Magic      | 5 6 8 9 |  9.5
Spellcasting   | 3 4 5 |  5.9
Dodging        | 3 4 |  4.6
Stealth        | 3 4 |  4.7
Fighting       | 1 |  1.6
Polearms       | 1 2 |  2.1

Action                   |  1- 3 |  4- 6 |  7- 9 || total
-------------------------+-------+-------+-------++-------
Melee: Unarmed           |     4 |       |       ||     4
       Kick              |     1 |     1 |    19 ||    21
       Dagger            |       |     8 |    10 ||    18
       Peck              |       |     1 |     7 ||     8
       Spear             |       |       |    48 ||    48
 Cast: Shock             |    62 |    90 |    62 ||   214
       Static Discharge  |       |    13 |    48 ||    61
       Mephitic Cloud    |       |       |     1 ||     1
  Use: Potion            |     1 |     1 |       ||     2
       Scroll            |     1 |     1 |     6 ||     8
 Stab: Sleeping          |       |     2 |     7 ||     9
       Distracted        |       |       |     1 ||     1
Armor: Robe              |     2 |     3 |    10 ||    15
       Skin              |       |    10 |       ||    10
Dodge: Dodged            |    12 |    18 |    41 ||    71
       Repelled          |       |       |     3 ||     3
